 Seeded DCSS version 0.30-a0-368-g86fb4627a9 (webtiles) character file.

Game seed: 4866231847754521613 (custom seed)

120 purpskrrrp the Sneak (level 4, -1/23 HPs)
             Began as a Spriggan Monk on Nov 18, 2022.
             Was a Priest of Kikubaaqudgha.
             Slain by an orc
             ... wielding a +0 mace
              (5 damage)
             ... on level 3 of the Dungeon.
             The game lasted 00:05:08 (2210 turns).

purpskrrrp the Sneak (Spriggan Monk)                Turns: 2210, Time: 00:05:09

Health: -1/23      AC:  2    Str:  6    XL:     4   Next: 75%
Magic:  0/5        EV: 19    Int: 22    God:    Kikubaaqudgha [***...]
Gold:   170        SH:  0    Dex: 18    Spells: 3/3 levels left

rFire   . . .      SeeInvis +    a - +0 short sword
rCold   + . .      Faith    .    (no shield)
rNeg    . . .      Spirit   +    b - +0 robe
rPois   +          Reflect  .    (helmet restricted)
rElec   .          Harm     .    (no cloak)
rCorr   .          Rampage  .    (gloves unavailable)
Will    .....                    (boots unavailable)
Stlth   +++.......               j - amulet of Nemelex Xobeh's Whim {Spirit Contam rPois Regen+ Int+7}
HPRegen 1.03/turn                l - ring of ice
MPRegen 0.09/turn                (no ring)

@: studying Dodging, very quick
A: very small, no large weapons, unfitting armour, see invisible, speed 3,
clever 1, fire resistance 1
a: Renounce Religion, Unearth Wretches


You were on level 3 of the Dungeon.
You worshipped Kikubaaqudgha.
Kikubaaqudgha was most pleased with you.
You visited 1 branch of the dungeon, and saw 3 of its levels.

You collected 170 gold pieces.

Inventory:

Hand Weapons
 a - a +0 short sword (weapon)
Armour
 b - a +0 robe (worn)
Jewellery
 j - the amulet of Nemelex Xobeh's Whim (around neck) {Spirit Contam rPois Regen+ Int+7}
   (You acquired it on level 1 of the Dungeon)

   [amulet of guardian spirit]

   It causes incoming damage to be divided between your reserves of health and
   magic.
   Int:       It affects your intelligence (+7).
   rPois:     It protects you from poison.
   Contam:    It causes magical contamination when unequipped.
   Regen:     It increases your rate of health regeneration.
 l - a ring of ice (left hand)
Wands
 o - a wand of flame (15)
Scrolls
 f - 2 scrolls of enchant armour {unknown}
 g - 3 scrolls of teleportation {unknown}
 h - 5 scrolls of identify {unknown}
 i - 2 scrolls of magic mapping {unknown}
 k - a scroll of poison {unknown}
Potions
 c - a potion of ambrosia
 d - a potion of attraction {unknown}
 e - 2 potions of degeneration {unknown}
 m - 3 potions of lignification {unknown}
 n - a potion of curing {unknown}


   Skills:
 - Level 2.4 Fighting
 + Level 4.7 Short Blades
 * Level 4.9 Dodging
 + Level 5.7 Stealth


You had 3 spell levels left.
You didn't know any spells.
Your spell library contained the following spells:

 Spells                   Type           Power      Damage    Failure   Level
 Kiss of Death            Conj/Necr      0%         2d5       17%         1
 Necrotise                Necr           0%         1d4       17%         1
 Sublimation of Blood     Necr           0%         N/A       26%         2
 Vampiric Draining        Necr           0%         2d6       45%         3
 Anguish                  Hex/Necr       0%         N/A       86%         4
 Dispel Undead            Necr           0%         3d6       86%         4
 Agony                    Necr           0%         N/A       99%         5
 Death Channel            Necr           0%         N/A       100%        6
 Simulacrum               Ice/Necr       0%         N/A       100%        6


Dungeon Overview and Level Annotations

Branches:
Dungeon (3/15)

Altars:
Kikubaaqudgha


Innate Abilities, Weirdness & Mutations

You are very small and have problems with some larger weapons.
You are too small for most types of armour.
You have supernaturally acute eyesight. (SInv)
You cover ground extremely quickly. (Speed+++)
Your mind is acute. (Int +4, Str/Dex -1)
Your flesh is heat resistant. (rF+)


Message History

You are too injured to fight recklessly!
You are too injured to fight recklessly!
You are too injured to fight recklessly!
You are too injured to fight recklessly!
You are too injured to fight recklessly!
You are too injured to fight recklessly!
You are too injured to fight recklessly!
You are too injured to fight recklessly!
You are too injured to fight recklessly!
You are too injured to fight recklessly!
You are too injured to fight recklessly!
You are too injured to fight recklessly!
You are too injured to fight recklessly!
You are too injured to fight recklessly!
You are too injured to fight recklessly!
You are too injured to fight recklessly!
You are too injured to fight recklessly!
You are too injured to fight recklessly!
You are too injured to fight recklessly!
You are too injured to fight recklessly!
You are too injured to fight recklessly!
You are too injured to fight recklessly!
You are too injured to fight recklessly!
You are too injured to fight recklessly!
You are too injured to fight recklessly!
You are too injured to fight recklessly!
You are too injured to fight recklessly!
You are too injured to fight recklessly!
You are too injured to fight recklessly!
You are too injured to fight recklessly!
You hit the orc wizard.
The orc wizard is almost dead.
The orc closely misses you.
The orc wizard hits you with a +0 dagger.
* * * LOW HITPOINT WARNING * * *
You barely miss the orc wizard.
The orc wizard is almost dead.
The orc hits you with a +0 mace!
You die...
Kikubaaqudgha rasps: "You have failed me!
Welcome... death!"

#.# ####....##..######
#.###########†.##8..8##..#
#...........#..'......'..#
#############..#..##..#..#
### ##..########..# ..#
#....#)$..#...#
#.##########....#oo$ #.†.#
#.(.......##'####o#####..#
###########.....@o)..##..#
#..........#...#
#####..##..'...#
#.############## #######
#.##..# #.....# #.##.##
#.###.# #.##.# #.#
#.###.##.# #.# #.##..##.#


You could see an orc wizard (invisible) and 3 orcs.

Vanquished Creatures
  An iguana (D:2)
  3 adders
  2 dart slugs (D:1)
  2 orcs (D:3)
  7 endoplasms
  A giant cockroach (D:3)
  4 goblins
  6 hobgoblins
  4 jackals (D:1)
  5 kobolds
  2 quokkas
  5 ball pythons
  10 bats
  7 rats
59 creatures vanquished.

Notes
Turn   | Place    | Note
-------+----------+-------------------------------------------
     0 | D:1      | purpskrrrp the Spriggan Monk began the quest for the Orb.
     0 | D:1      | Reached XP level 1. HP: 11/11 MP: 2/2
   199 | D:1      | Reached XP level 2. HP: 3/16 MP: 3/3
   313 | D:1      | You fall into a shaft and drop 1 floor!
   450 | D:2      | Reached skill level 4 in Stealth
   584 | D:2      | Reached XP level 3. HP: 17/19 MP: 4/4
   635 | D:2      | Reached skill level 5 in Stealth
   802 | D:1      | Reached XP level 4. HP: 23/23 MP: 5/5
  1210 | D:1      | Identified 2 scrolls of acquirement
  1210 | D:1      | Acquired a manual of Dodging
  1212 | D:1      | Acquired the amulet of Nemelex Xobeh's Whim {Spirit Contam
                  | rPois Regen+ Int+7}
  1219 | D:1      | Gained mutation: Your system is resistant to poisons.
                  | (rPois) [potion of mutation]
  1227 | D:1      | Lost mutation: Your system is resistant to poisons. (rPois)
                  | [potion of mutation]
  1227 | D:1      | Gained mutation: Your spells are a little harder to cast,
                  | but a little more powerful. [potion of mutation]
  1227 | D:1      | Gained mutation: You are partially covered in iridescent
                  | scales. (AC +2) [potion of mutation]
  1228 | D:1      | Lost mutation: You are partially covered in iridescent
                  | scales. (AC +2) [potion of mutation]
  1228 | D:1      | Lost mutation: Your spells are a little harder to cast, but
                  | a little more powerful. [potion of mutation]
  1228 | D:1      | Gained mutation: Your flesh is heat resistant. (rF+)
                  | [potion of mutation]
  1228 | D:1      | Gained mutation: Your mind is acute. (Int +4, Str/Dex -1)
                  | [potion of mutation]
  1767 | D:3      | Found a faded altar of an unknown god.
  1772 | D:3      | Prayed at the altar of an unknown god.
  1772 | D:3      | Became a worshipper of Kikubaaqudgha
  1772 | D:3      | Reached * piety under Kikubaaqudgha
  1772 | D:3      | Received a gift from Kikubaaqudgha
  1772 | D:3      | Reached ** piety under Kikubaaqudgha
  2172 | D:3      | Reached *** piety under Kikubaaqudgha
  2172 | D:3      | Received a gift from Kikubaaqudgha
  2210 | D:3      | Slain by an orc

Illustrated notes

Levels and vault maps discovered:
D:1:      dpeg_arrival_arbitrary_c, layout_basic
D:2:      layout_loops_ring, kennysheep_minor_cross
D:3:      minmay_chambers_of_twos, layout_loops_ring, overflow_temple_1_default,
          ebering_ecumenical_altar_petrified

Skill      XL: |  1  2  3 |
---------------+----------+-----
Stealth        | 4 5 |  5.7
Short Blades   | 4 |  4.7
Fighting       | |  2.4
Dodging        | |  4.9

Action                   |  1- 3 |  4- 6 || total
-------------------------+-------+-------++-------
Melee: Short sword       |   105 |   105 ||   210
       Punch             |     1 |     1 ||     2
  Use: Scroll            |       |     3 ||     3
       Potion            |       |     3 ||     3
 Stab: Sleeping          |     7 |    13 ||    20
Armor: Robe              |    14 |     6 ||    20
Dodge: Dodged            |    79 |    73 ||   152

Table legend: (Time is in decaauts)
 A = Elapsed time spent in this place.
 B = Non-inter-level travel time spent in this place.
 C = Inter-level travel time spent in this place.
 D = Time resting spent in this place.
 E = Time spent auto-exploring this place.
 F = Levels seen in this place.
 G = Mean time per level.
                   A        B        C        D        E       F      G
               +--------+--------+--------+--------+--------+-----+--------+
         Total |   1460 |   1414 |     46 |     80 |    974 |   3 |  486.7 |
       Dungeon |   1460 |   1414 |     46 |     80 |    974 |   3 |  486.7 |
               +--------+--------+--------+--------+--------+-----+--------+

Top non-repeatable levels by time:
     D:1: 616 daAuts
     D:2: 484 daAuts
     D:3: 360 daAuts
